 Dungeon Crawl Stone Soup version 0.23-a0-54-gae6112e (webtiles) character file.

52 Amnesiac the Magician (level 3, -2/24 HPs)
             Began as a Mummy Air Elementalist on Aug 8, 2018.
             Slain by Grinder (3 damage)
             ... while paralysed by Grinder
             ... on level 3 of the Dungeon.
             The game lasted 00:02:03 (1165 turns).

Amnesiac the Magician (Mummy Air Elementalist)      Turns: 1165, Time: 00:02:04

Health: -2/24      AC:  2    Str: 11    XL:     3   Next: 60%
Magic:  8/8        EV:  2    Int: 15    God:
Gold:   76         SH:  0    Dex: 12    Spells: 8/9 levels left

rFire    x . .     SeeInvis .   a - +1 mace (drain)
rCold    + . .     Gourm    .   (no shield)
rNeg     + + +     Faith    .   f - +0 robe
rPois    ∞         Spirit   .   (no helmet)
rElec    .         Reflect  .   (no cloak)
rCorr    .         Harm     .   (no gloves)
MR       .....                  (no boots)
Stlth    ++........             (no amulet)
HPRegen  0.08/turn              (no ring)
MPRegen  0.11/turn              (no ring)

@: paralysed
A: no food or potions, fire vulnerability, cold resistance 1, negative energy
resistance 3, torment resistance, unbreathing
a: no special abilities


You were on level 3 of the Dungeon.
You were not hungry.

You visited 1 branch of the dungeon, and saw 4 of its levels.

You collected 76 gold pieces.

Inventory:

Hand Weapons
 a - a +1 mace of draining (weapon)
 b - a +0 hunting sling
Missiles
 c - 26 stones (quivered)
Armour
 f - a +0 robe (worn)
Jewellery
 g - an uncursed ring of poison resistance {unknown}
Scrolls
 d - a scroll of enchant armour {!r, unknown}
 e - a scroll of remove curse {!r, unknown}


   Skills:
 - Level 1.5 Dodging
 - Level 1.5 Stealth
 + Level 3.5 Spellcasting
 - Level 0.7 Conjurations
 * Level 3.5 Air Magic


You had 8 spell levels left.
You knew the following spells:

 Your Spells              Type           Power        Failure   Level  Hunger
a - Shock                 Conj/Air       #...         9%          1    N/A

Your spell library contained the following spells:

 Spells                   Type           Power        Failure   Level  Hunger
 Lightning Bolt           Conj/Air       #.........   92%         5    N/A
 Swiftness                Chrm/Air       #.......     14%         2    N/A
 Airstrike                Air            ##........   41%         4    N/A
 Static Discharge         Conj/Air       #.......     24%         3    N/A

Dungeon Overview and Level Annotations

Branches:
Dungeon (4/15)
 Temple: D:4-7

Altars:

Annotations:
D:3 Grinder


Innate Abilities, Weirdness & Mutations

You do not eat or drink.
Your flesh is vulnerable to fire.
You are immune to poison.
Your flesh is cold resistant. (rC+)
You are immune to negative energy. (rN+++)
You are immune to unholy pain and torment.
You can survive without breathing.


Message History

The orc hits you with a falchion!
* * * LOW HITPOINT WARNING * * *
The orc falls through a shaft!
The shaft crumbles and collapses.
The orc closely misses you.
You barely miss the orc. The orc closely misses you.
You barely miss the orc. The orc barely misses you.
The orc hits you with a club.
* * * LOW HITPOINT WARNING * * *
You hit the orc.
The orc is moderately wounded.
The orc hits you but does no damage.
Unknown command.
You hit the orc.
The orc is almost dead.
The orc barely misses you.
Unknown command.
You hit the orc but do no damage. You drain the orc!
You kill the orc!
Things that are here:
a club; a ring mail You start resting.
Magic restored.
You start resting.
HP restored.
Grinder comes into view.
Grinder says, "FISH!"
Found a war axe.
You see here 6 gold pieces.
Grinder blinks!
There is a stone staircase leading up here.
You start resting.
Grinder is too close now for your liking.
Grinder blinks!
Grinder blinks!
You climb upwards.
There is a stone staircase leading down here.
You start resting.
HP restored.
You climb downwards.
Level annotation: Grinder
There is a stone staircase leading up here.
Grinder gestures at you. You resist with significant effort.
You open the door.
There is an open door here.
Grinder gestures at you. You resist with significant effort.
There is a stone staircase leading up here.
You climb upwards.
There is a stone staircase leading down here.
You hit Grinder but do no damage. Grinder hits you. Grinder barely misses you.
You barely miss Grinder. Grinder hits you.
You barely miss Grinder. Grinder hits you. Grinder barely misses you.
You barely miss Grinder. Grinder hits you.
You hit Grinder but do no damage. Grinder gestures at you.
You suddenly lose the ability to move!
Grinder hits you!
* * * LOW HITPOINT WARNING * * *
Grinder says, "You look like you could use a good racking."
Grinder hits you.
* * * LOW HITPOINT WARNING * * *
Grinder hits you.
You die...

#.........###.##..........
######'#######..)..##.##.######
.............#####.##.##......
.............# #.##.<.......
......♣......# ##.##.#######.
......♣...!..# #...#.#
...♣..♣..♣...# #.#.#[#
...♣..♣..♣...####5..#.#
...♣♣♣♣♣♣♣...#.[@.....#
...♣..♣.)♣...#####.##.#
...♣..♣..♣...# #.##.#
......♣...††.# #.# #
......♣......# #.#
.............# #.#
.............# #.#
######'####### .# #..#


You could see Grinder.

Vanquished Creatures
  Jessica (D:3)
  An adder (D:3)
  A leopard gecko (D:1)
  3 orcs
  A ball python (D:3)
  A giant cockroach (D:3)
  A bat (D:3)
  A frilled lizard (D:1)
  2 goblins
  2 kobolds (D:1)
  A rat (D:3)
15 creatures vanquished.

Notes
Turn   | Place    | Note
-------+----------+-------------------------------------------
     0 | D:1      | Amnesiac the Mummy Air Elementalist began the quest for the Orb.
     0 | D:1      | Reached XP level 1. HP: 13/13 MP: 4/4
   490 | D:3      | Reached XP level 2. HP: 14/19 MP: 6/6
   541 | D:3      | Noticed Jessica
   562 | D:3      | Killed Jessica
   562 | D:3      | Reached XP level 3. HP: 21/24 MP: 7/7
  1100 | D:4      | Noticed Grinder
  1162 | D:3      | Paralysed by Grinder for 7 turns
  1164 | D:3      | HP: 1/24 [Grinder (4)]
  1165 | D:3      | Slain by Grinder

Vault maps used:
D:1:      dpeg_arrival_circle_labyrinth_c
D:3:      kennysheep_generic_room_16, uniq_terence, uniq_ijyb, uniq_jessica
D:4:      serial_shops, nicolae_shop_window_shopping, first_ration, uniq_edmund,
          uniq_grinder

Skill      XL: |  1 |
---------------+----+-----
Spellcasting   | 3 |  3.5
Air Magic      | 3 |  3.5
Dodging        | |  1.5
Stealth        | |  1.5
Conjurations   | |  0.7

Action                   || total
-------------------------++-------
Melee: Mace              ||    45
 Fire: Hunting sling     ||    43
Armor: Robe              ||    14
Dodge: Dodged            ||    50

Table legend:
 A = Spawn XP
 B = Non-spawn XP
 C = Spawn XP percentage of total XP
 D = Spawn monster count
 E = Non-spawn monster count
 F = Spawn count percentage of total count
 G = Total turns spent on level
                    A         B        C        D         E        F      G
               +---------+---------+-------+---------+---------+-------+---------
         Total |       0 |      75 |   0.0 |       0 |      15 |   0.0 |  1165
               +---------+---------+-------+---------+---------+-------+---------
           D:1 |       0 |       7 |   0.0 |       0 |       5 |   0.0 |   438
           D:2 |       0 |       2 |   0.0 |       0 |       1 |   0.0 |    21
           D:3 |       0 |      63 |   0.0 |       0 |       8 |   0.0 |   471
           D:4 |       0 |       3 |   0.0 |       0 |       1 |   0.0 |   235
               +---------+---------+-------+---------+---------+-------+---------
